 Dungeon Crawl Stone Soup version 0.21.1-1-g345015f (webtiles) character file.

151 wojtek the Ducker (level 5, 0/42 HPs)
             Began as a Kobold Necromancer on Mar 31, 2018.
             Slain by a giant cockroach (2 damage)
             ... on level 1 of the Dungeon.
             The game lasted 00:06:19 (4507 turns).

wojtek the Ducker (Kobold Necromancer)              Turns: 4507, Time: 00:06:20

Health: 0/42       AC: 22    Str:  5    XL:     5   Next: 59%
Magic:  6/8        EV:  3    Int: 18    God:
Gold:   79         SH:  0    Dex: 15    Spells: 7/8 levels left

rFire    . . .     SeeInvis .   f - +0 dagger
rCold    . . .     Gourm    .   (shield restricted)
rNeg     + + +     Faith    .   (armour currently unavailable)
rPois    +         Spirit   .   (helmet currently unavailable)
rElec    .         Reflect  .   (cloak currently unavailable)
rCorr    .         Harm     .   (gloves currently unavailable)
MR       .....     NoTele   +   (boots currently unavailable)
Stlth    ++........             (no amulet)
HPRegen  0.14/turn              (no ring)
MPRegen  0.11/turn              (no ring)

@: tree-form
A: small, carnivore
a: no special abilities


You were on level 1 of the Dungeon.
You were full.
You were a tree.
You visited 1 branch of the dungeon, and saw 3 of its levels.

You collected 79 gold pieces.

Inventory:

Hand Weapons
 f - a +0 dagger (weapon)
Armour
 n - a +2 leather armour of cold resistance (melded)
Jewellery
 l - a +4 ring of protection {unknown}
Scrolls
 e - a scroll of fear {unknown}
 g - 3 scrolls of identify {unknown}
 j - 2 scrolls of remove curse {unknown}
Potions
 d - a potion of lignification
 i - a potion of heal wounds {unknown}
 m - a potion of might {unknown}
Books
 b - a book of Necromancy

   Spells                             Type                      Level
   a - Pain                           Necromancy                   1
   b - Animate Skeleton               Necromancy                   1
   c - Vampiric Draining              Necromancy                   3
   d - Regeneration                   Charms/Necromancy            3
   e - Animate Dead                   Necromancy                   4
   f - Borgnjor's Vile Clutch         Necromancy/Earth             5
Comestibles
 c - 6 rations


   Skills:
 + Level 4.4 Short Blades
 + Level 4.5 Dodging
 - Level 2.6 Stealth
 - Level 2.1 Spellcasting
 - Level 4.2 Necromancy


You had 7 spell levels left.
You knew the following spells:

 Your Spells              Type           Power        Failure   Level  Hunger
a - Pain                  Necr           ###.         3%          1    #......


Dungeon Overview and Level Annotations

Branches:
Dungeon (3/15)

Altars:
Okawaru


Innate Abilities, Weirdness & Mutations

You are small and have problems with some larger weapons.
You are carnivorous and can eat meat at any time.


Message History

The hobgoblin barely misses you.
You closely miss the giant cockroach.
The giant cockroach is severely wounded.
The giant cockroach misses you.
The hobgoblin hits you but does no damage.
You hit the giant cockroach but do no damage.
The giant cockroach is severely wounded.
The giant cockroach misses you. The hobgoblin barely misses you.
It was a potion of lignification.
You turn into a tree.
Your +2 leather armour of cold resistance melds into your body.
You feel less resistant to cold.
Your roots penetrate the ground.
The giant cockroach bites you but does no damage.
You hit the giant cockroach but do no damage.
The giant cockroach is severely wounded.
The giant cockroach bites you but does no damage.
The hobgoblin hits you but does no damage.
You hit the giant cockroach but do no damage.
The giant cockroach is severely wounded.
The giant cockroach bites you.
You die...

#.# #..# #.§§§≈§≈......≈≈≈ #.#
#..# #§≈≈§§≈§......≈≈≈
#.####.>#######§§≈≈≈≈§......≈≈≈
#)..............§≈§≈≈...##...≈≈
#.####..####...................
#.####....##.###..###...#######
#............# #..###.###
#.####.##.##.###...##.#########
###.####.#...#.s♣g.#..>..........
.........#...#####...############
###.######...# ##.##
.##.#######.## #.# ..........#.#
##.######## .##.#####.#.#
#.........# ###.# #.#.#
#.#######.# ÷##.# #.#.# #.# #.#
....# #.#.# #.# #.#


You could see a giant cockroach and a hobgoblin.

Vanquished Creatures
  Jessica (D:2)
  2 gnolls
  3 adders (D:2)
  2 oozes
  A worm (D:1)
  4 dart slugs
  3 leopard geckos
  5 bats
  6 goblins
  8 hobgoblins
  7 jackals
  4 kobolds
  A ball python (D:1)
  3 frilled lizards
  8 rats
58 creatures vanquished.

Notes
Turn   | Place    | Note
-------+----------+-------------------------------------------
     0 | D:1      | wojtek the Kobold Necromancer began the quest for the Orb.
     0 | D:1      | Reached XP level 1. HP: 10/10 MP: 3/3
   136 | D:1      | Reached skill level 1 in Short Blades
   136 | D:1      | Reached XP level 2. HP: 1/15 MP: 5/5
   973 | D:1      | Reached XP level 3. HP: 6/19 MP: 4/6
  2871 | D:1      | Reached XP level 4. HP: 18/24 MP: 0/7
  3507 | D:2      | Found an iron altar of Okawaru.
  3710 | D:2      | Noticed Jessica
  3712 | D:2      | Killed Jessica
  3712 | D:2      | Reached XP level 5. HP: 28/28 MP: 8/8
  4342 | D:3      | Found a faded altar of an unknown god.
  4499 | D:1      | HP: 1/28 [giant cockroach (1)]
  4507 | D:1      | Slain by a giant cockroach

Skill      XL: |  1  2  3  4 |
---------------+-------------+-----
Short Blades   | 1 2 3 4 |  4.4
Dodging        | 3 4 |  4.5
Stealth        | |  2.6
Spellcasting   | |  2.1
Necromancy     | |  4.2

Action                   |  1- 3 |  4- 6 || total
-------------------------+-------+-------++-------
Melee: Dagger            |   188 |    64 ||   252
       Club              |    10 |       ||    10
 Cast: Pain              |    23 |    54 ||    77
  Use: Potion            |       |     1 ||     1
 Stab: Sleeping          |     5 |     1 ||     6
  Eat: Chunk             |    14 |     3 ||    17
Armor: Robe              |    26 |     2 ||    28
       Leather armour    |       |     8 ||     8
       Skin              |       |     3 ||     3
Dodge: Dodged            |   180 |   107 ||   287
